Map: Lerilak Crest

Players

Sacrilege

  • Race: Zerg Zerg
  • League: Grandmaster

Recognized - Winner!

  • Race: Zerg Zerg
  • League: Grandmaster

VOD

Have the link to the VOD?

Description

Suspecting Recognized was using a production and map hack as he has multiple occasions of questionable tech choices, building placement, and army movement.

Time

  • Played on: Dec. 12, 2015, 6:10 p.m.
  • Length: 9:46
Show
View Real Time Build Order
Export as new Build Order

Sacrilege Zerg 

Build Orders: Hatch First, Muta Ling Bane 

Get SALT Encoding   

  12  0:01  Drone  
  13  0:12  Overlord  
  13  0:17  Drone  
  14  0:30  Drone x2  
  14  0:34  Drone  
  17  0:54  Hatchery  
  16  0:58  Drone  
  17  1:09  Spawning Pool  
  16  1:12  Drone  
  16  1:16  Drone  
  18  1:20  Drone  
  18  1:24  Extractor  
  18  1:33  Drone  
  19  1:47  Overlord  
  19  1:59  Zergling x2, Queen  
  22  2:05  Drone  
  22  2:06  Queen  
  26  2:08  Drone  
  26  2:11  Drone  
  27  2:19  Drone  
  28  2:23  Metabolic Boost  
  28  2:24  Drone  
  29  2:31  Drone  
  30  2:39  Drone x2  
  30  2:42  Queen  
  34  2:45  Baneling Nest  
  34  2:47  Drone  
  34  2:51  Drone  
  35  2:55  Overlord  
  34  3:01  Drone  
  35  3:09  Drone  
  36  3:16  Zergling x2  
  37  3:23  Drone  
  37  3:24  Hatchery, Drone x4  
  37  3:25  Drone  
  42  3:31  Lair  
  42  3:37  Zergling x2  
  42  3:38  Zergling x2  
  44  3:46  Extractor x2  
  44  3:48  Zergling x2, Extractor  
  41  3:49  Zergling x2  
  41  3:55  Zergling x2  
  44  3:58  Overlord x2  
  43  4:20  Zergling x2  
  43  4:21  Zergling x4  
  45  4:25  Drone x2  
  45  4:28  Zergling x4  
  45  4:29  Zergling x8  
  52  4:33  Drone  
  52  4:35  Spire  
  52  4:39  Drone  
  52  4:43  Drone  
  54  4:51  Drone x3  
  57  4:56  Drone x6  
  63  5:02  Drone x2  
  63  5:05  Overlord  
  65  5:10  Overlord  
  63  5:31  Drone x4  
  63  5:32  Extractor  
  63  5:34  Extractor  
  65  5:38  Drone  
  65  5:47  Mutalisk x7  
  79  5:50  Zergling x2  
  79  5:51  Zergling x2  
  79  5:55  Baneling  
  79  5:56  Zergling x2, Baneling x2  
  79  5:57  Overlord  
  82  6:11  Overlord x2  
  82  6:14  Overlord  
  82  6:15  Zerg Flyer Weapons Level 1  
  82  6:19  Evolution Chamber x2  
  82  6:24  Mutalisk  
  82  6:25  Mutalisk x4  
  91  6:32  Drone  
  91  6:33  Drone x4  
  91  6:38  Overlord  
  95  6:41  Centrifical Hooks  
  95  6:48  Zerg Ground Armor Level 1  
  95  6:51  Baneling x3  
  95  6:52  Baneling  
  95  6:53  Baneling x3  
  95  6:55  Zergling x2  
  82  7:15  Mutalisk x3  
  73  7:18  Zergling x2  
  73  7:19  Zergling x18  
  73  7:22  Drone  
  86  7:23  Drone  
  86  7:25  Drone  
  86  7:29  Mutalisk  
  85  7:32  Drone  
  85  7:33  Drone  
  85  7:35  Zerg Melee Weapons Level 1  
  87  7:42  Drone  
  87  7:43  Drone x3  
  91  7:49  Drone  
  91  7:50  Drone x2  
  94  7:57  Drone x2  
  96  8:12  Drone  
  94  8:13  Drone x2  
  94  8:14  Drone x3, Infestation Pit, Mutalisk  
  94  8:18  Baneling  
  94  8:19  Baneling x7  
  100  8:24  Drone x4  
  100  8:33  Zergling x10  
  103  8:36  Baneling x7  
  103  8:46  Zergling x2  
  103  8:47  Zergling x4  
  106  8:52  Overlord x2  
  95  9:10  Zergling x18  
  101  9:18  Overlord  
  101  9:19  Overlord x3  
  101  9:23  Baneling  
Show
View Real Time Build Order
Export as new Build Order

Recognized Zerg - Winner!

Build Orders: Hatch First 

Get SALT Encoding   

  12  0:01  Drone  
  13  0:10  Drone  
  14  0:18  Overlord  
  14  0:36  Drone x3  
  17  0:54  Hatchery  
  17  0:55  Drone  
  17  0:58  Extractor  
  17  1:00  Drone  
  17  1:14  Spawning Pool  
  17  1:17  Drone  
  17  1:22  Drone  
  18  1:31  Drone  
  19  1:41  Overlord  
  19  1:56  Drone  
  20  2:03  Drone  
  20  2:05  Queen  
  20  2:06  Drone, Queen  
  26  2:14  Drone  
  27  2:17  Drone  
  27  2:18  Metabolic Boost  
  28  2:24  Drone  
  29  2:30  Drone  
  29  2:35  Drone  
  31  2:39  Overlord  
  31  2:46  Drone  
  31  2:49  Drone  
  33  3:00  Drone  
  33  3:01  Drone  
  35  3:10  Drone  
  36  3:13  Roach Warren  
  36  3:15  Lair  
  36  3:16  Overlord x4  
  35  3:23  Drone x3  
  35  3:26  Extractor  
  37  3:28  Extractor  
  37  3:30  Evolution Chamber  
  35  3:47  Hatchery, Zergling x6  
  37  3:53  Roach x2  
  41  4:00  Roach x2  
  45  4:04  Roach  
  45  4:09  Zerg Missile Weapons Level 1  
  47  4:31  Drone x5  
  48  4:32  Drone x4  
  48  4:35  Glial Reconstitution  
  56  4:42  Overseer  
  55  4:46  Drone x2  
  55  4:48  Overlord  
  57  5:00  Hydralisk Den  
  57  5:01  Drone  
  57  5:04  Roach x3  
  57  5:05  Roach  
  65  5:08  Roach  
  65  5:12  Queen  
  69  5:16  Roach  
  71  5:33  Muscular Augments  
  71  5:34  Drone  
  72  5:36  Overlord x3  
  72  5:37  Evolution Chamber  
  72  5:41  Roach x2  
  75  5:50  Drone  
  75  5:51  Drone x3, Extractor  
  75  5:55  Hydralisk x2  
  82  6:03  Zerg Ground Armor Level 1  
  82  6:05  Zerg Missile Weapons Level 2  
  82  6:11  Hydralisk x2  
  86  6:18  Hydralisk  
  86  6:20  Hydralisk  
  86  6:25  Hydralisk  
  92  6:33  Hydralisk  
  92  6:34  Hydralisk  
  96  6:40  Drone  
  96  6:41  Drone x7  
  104  6:47  Overlord  
  104  6:48  Overlord  
  104  6:51  Overlord  
  84  7:17  Hydralisk  
  84  7:18  Hydralisk x8  
  84  7:38  Spore Crawler  
  84  7:39  Spore Crawler  
  84  7:41  Spore Crawler, Hydralisk  
  84  7:42  Hydralisk x4  
  84  7:43  Hydralisk  
  93  7:49  Hydralisk  
  95  7:58  Roach x4  
  103  8:04  Roach  
  103  8:05  Roach x2  
  109  8:17  Roach x5  
  119  8:29  Extractor  
  119  8:32  Extractor  
  117  8:40  Roach  
  117  8:41  Overlord, Roach  
  121  8:42  Overlord x4  
  121  9:07  Hydralisk  
  121  9:08  Hydralisk x9  
  115  9:18  Hydralisk  
  115  9:19  Hydralisk x2  
Tags
 
Add a new tag
Caveats
  • Supply blocks, unpowered buildings, or Contaminate may cause inaccurate times.
  • Supply counts are checked every 10 seconds.